 Dungeon Crawl Stone Soup version 0.21-a0-421-gfc1ce30 (webtiles) character file.

357 drevant the Poker (level 6, -7/49 HPs)
             Began as a Demonspawn Abyssal Knight on Nov 4, 2017.
             Was a Believer of Lugonu.
             Mangled by an ogre
             ... wielding a +0 giant club
              (15 damage)
             ... on level 4 of the Dungeon.
             The game lasted 00:06:07 (3165 turns).

drevant the Poker (Demonspawn Abyssal Knight)       Turns: 3165, Time: 00:06:08

Health: -7/49      AC:  5    Str: 19    XL:     6   Next: 36%
Magic:  7/7        EV: 10    Int: 14    God:    Lugonu [**....]
Gold:   278        SH:  0    Dex: 12    Spells: 5/5 levels left

rFire    . . .     SeeInvis .   s - +2 trident (pierce)
rCold    . . .     Gourm    .   (no shield)
rNeg     . . .     Faith    .   o - +0 ring mail
rPois    .         Spirit   .   (no helmet)
rElec    .         Reflect  .   (no cloak)
rCorr    .         Harm     .   (no gloves)
MR       .....                  (no boots)
Stlth    +.........             (no amulet)
HPRegen  0.16/turn              (no ring)
MPRegen  0.10/turn              (no ring)

@: mighty
A: claws 1, powered by pain 1
a: Depart the Abyss, Bend Space, Renounce Religion


You were on level 4 of the Dungeon.
You worshipped Lugonu.
Lugonu was pleased with you.
You were not hungry.

You visited 1 branch of the dungeon, and saw 4 of its levels.
You visited the Abyss 1 time.

You collected 278 gold pieces.

Inventory:

Hand Weapons
 a - a +1 spear
 s - a +2 trident of piercing (weapon)
Missiles
 i - 163 stones (quivered)
Armour
 b - a +0 leather armour
 o - a +0 ring mail (worn)
Jewellery
 r - an uncursed amulet of magic regeneration {unknown}
Wands
 j - a wand of paralysis (10/24)
Scrolls
 e - 2 scrolls of teleportation
 m - 3 scrolls of remove curse
 v - a scroll of enchant weapon {unknown}
Potions
 d - a potion of heal wounds
 g - 3 potions of curing
 h - a potion of flight {unknown}
 k - a potion of lignification {unknown}
 l - a potion of ambrosia {unknown}
 p - a potion of might {unknown}
 t - a potion of haste {unknown}
Comestibles
 c - 3 bread rations
 f - 4 meat rations
 n - 2 royal jellies
 q - 2 fruits
 u - 4 chunks of flesh


   Skills:
 + Level 4.3 Fighting
 * Level 4.5 Polearms
 + Level 3.3 Armour
 - Level 0.8 Dodging
 - Level 2.4 Invocations


You had 5 spell levels left.
You didn't know any spells.

Dungeon Overview and Level Annotations

Branches:
Dungeon (4/15)
 Temple: D:4-7

Altars:
Hepliaklqana
Qazlal
Uskayaw
Zin
The Shining One


Innate Abilities, Weirdness & Mutations

You have sharp fingernails.
You sometimes gain a little power by taking damage.


Message History

The ogre is heavily wounded.
The ogre hits you with a giant club!
You are too injured to fight recklessly!
You are too injured to fight recklessly!
It was a potion of heal wounds.
You feel much better. The ogre hits you with a giant club!!
Ouch! That really hurt!
* * * LOW HITPOINT WARNING * * *
You focus on the pain.
You feel very mighty all of a sudden.
You hit the ogre.
The ogre is severely wounded.
The ogre hits you with a giant club.
* * * LOW HITPOINT WARNING * * *
You barely miss the ogre.
The ogre is severely wounded.
You barely miss the ogre.
The ogre is severely wounded.
The ogre hits you with a giant club!
You die...

.# #.#.########.#######......#
.###.#.######## #....##......#
.##...<........ #.##.##......##
.##.###.#########.##.##.##.O..+
.##.....# ..#.##.##.##.#.##
.....#### .####.#.##.##.##.#.#
####.# ......#.##.##.##.#.# #.#
#######........##.#.# #.#
.......@O##.......#O# #.#
#######.#########.#.. #.# #.#
##### #.# #.# #.# #.#
#^###########)# #.............#
###############


You could see an ogre.

Vanquished Creatures
  Purgy (D:3)
  A bullfrog (D:4)
  A hound (D:4)
  Ijyb (D:3)
  4 gnolls (D:3)
  3 adders
  An ooze (D:2)
  A worm (D:3)
  5 leopard geckos
  An orc (D:4)
  5 bats
  3 giant cockroaches
  4 goblins
  12 hobgoblins
  4 jackals (D:2)
  A quokka (D:3)
  5 frilled lizards
  9 kobolds
  4 rats
66 creatures vanquished.

Notes
Turn   | Place    | Note
-------+----------+-------------------------------------------
     0 | Abyss:1  | drevant the Demonspawn Abyssal Knight began the quest for the Orb.
     0 | Abyss:1  | Reached XP level 1. HP: 18/18 MP: 2/2
   115 | Abyss:1  | Noticed a neqoxec
   115 | Abyss:1  | Noticed an iron imp
   123 | Abyss:1  | Noticed a small abomination
   124 | Abyss:1  | Noticed a smoke demon
   125 | D:1      | Escaped the Abyss
   503 | D:1      | Gained mutation: You sometimes gain a little power by taking damage. [demonic ancestry]
   503 | D:1      | Reached XP level 2. HP: 24/24 MP: 3/3
   778 | D:1      | Reached * piety under Lugonu
  1479 | D:2      | Reached XP level 3. HP: 29/29 MP: 4/4
  1985 | D:2      | Found a hazy altar of Hepliaklqana.
  2143 | D:2      | Reached ** piety under Lugonu
  2294 | D:2      | Found a glowing golden altar of the Shining One.
  2317 | D:3      | Noticed Ijyb
  2325 | D:3      | Killed Ijyb
  2325 | D:3      | Gained mutation: You have sharp fingernails. [demonic ancestry]
  2325 | D:3      | Reached XP level 4. HP: 35/35 MP: 5/5
  2447 | D:3      | Found a stormy altar of Qazlal.
  2448 | D:3      | Found a hide-covered altar of Uskayaw.
  2569 | D:3      | Found a glowing silver altar of Zin.
  2570 | D:3      | Noticed an angel
  2648 | D:3      | Noticed Purgy
  2660 | D:3      | Killed Purgy
  2660 | D:3      | Reached XP level 5. HP: 42/42 MP: 6/6
  3006 | D:4      | Reached XP level 6. HP: 46/48 MP: 7/7
  3165 | D:4      | Mangled by an ogre

Vault maps used:
D:1:      lemuel_arrival_cross
D:2:      lemuel_coloured_pillars_altar, nicolae_overflow_hidden_temple,
          first_bread, kennysheep_generic_room_3
D:3:      zin_angel, grunt_temple_overflow_open, uniq_purgy, uniq_ijyb
D:4:      temple_fountains
Abyss:1:  patterned_corridor, hangedman_abyss_or_decor_stagger,
          bh_silent_lugonu_exit

Skill      XL: |  1  2  3  4  5 |
---------------+----------------+-----
Polearms       | 2 3 4 |  4.5
Armour         | 2 3 |  3.3
Fighting       | 4 |  4.3
Dodging        | |  0.8
Invocations    | |  2.4

Action                   |  1- 3 |  4- 6 || total
-------------------------+-------+-------++-------
Melee: Spear             |   167 |       ||   167
       Trident           |    10 |    74 ||    84
Throw: Stone             |    10 |     5 ||    15
Invok: Depart the Abyss  |     1 |       ||     1
Evoke: Wand              |       |     4 ||     4
  Use: Scroll            |     2 |     1 ||     3
       Potion            |     1 |     1 ||     2
 Stab: Paralysed         |       |     4 ||     4
  Eat: Chunk             |     4 |     3 ||     7
Armor: Leather armour    |    26 |       ||    26
       Ring mail         |    16 |    17 ||    33
Dodge: Dodged            |    75 |    26 ||   101

Table legend:
 A = Spawn XP
 B = Non-spawn XP
 C = Spawn XP percentage of total XP
 D = Spawn monster count
 E = Non-spawn monster count
 F = Spawn count percentage of total count
 G = Total turns spent on level
                    A         B        C        D         E        F      G
               +---------+---------+-------+---------+---------+-------+---------
         Total |       0 |     510 |   0.0 |       0 |      66 |   0.0 |  3165
               +---------+---------+-------+---------+---------+-------+---------
           D:1 |       0 |      39 |   0.0 |       0 |      23 |   0.0 |  1352
           D:2 |       0 |      49 |   0.0 |       0 |      19 |   0.0 |   836
           D:3 |       0 |     276 |   0.0 |       0 |      20 |   0.0 |   679
           D:4 |       0 |     146 |   0.0 |       0 |       4 |   0.0 |   173
               +---------+---------+-------+---------+---------+-------+---------
